[ AOE2 MATCH · #482575190 ]
Team RMBerbers vs Aztecs
[ REPLAY ANALYSIS · EXTRACTED FROM THE RECORDED GAME ]
Feudal
11:17
Castle
19:07
Imperial
34:19
| APM avg | 15.4 |
| APM peak | 47 |
| eAPM avg | 11.0 |
| Villagers / military | 101 / 161 |
Focus
⚔️ 37.7% · 🌾 62.3%
Camel Scout ×65 · Scout Cavalry ×38 · Genitour ×26 · Hand Cannoneer ×22 · Knight ×3 · Bombard Cannon ×3
Feudal
10:21
Castle
20:48
Imperial
39:10
| APM avg | 30.1 |
| APM peak | 63 |
| eAPM avg | 13.5 |
| Villagers / military | 94 / 151 |
Focus
⚔️ 34.5% · 🌾 65.5%
Ghulam ×78 · Camel Scout ×66 · Monk ×3 · Spearman ×2 · Trade Cart ×2 · Trebuchet (Packed) ×2
Feudal
12:17
Castle
24:14
Imperial
45:42
| APM avg | 14.9 |
| APM peak | 51 |
| eAPM avg | 10.3 |
| Villagers / military | 113 / 233 |
Focus
⚔️ 34.0% · 🌾 66.0%
Petard ×134 · Kamayuk ×44 · Unknown (2550) ×31 · Archer ×20 · Spearman ×15 · Battering Ram ×8
Feudal
10:53
Castle
24:53
Imperial
45:14
| APM avg | 26.1 |
| APM peak | 55 |
| eAPM avg | 16.7 |
| Villagers / military | 118 / 170 |
Focus
⚔️ 28.3% · 🌾 71.7%
Eagle Scout ×64 · Skirmisher ×60 · Militia ×29 · Spearman ×7 · Jaguar Warrior ×7 · Monk ×2
Match map
Initial resources + every placement click. Lines = walls · curves = elevation contours. ◆ gold · ⬟ stone · ● berries · ✦ relic · ◌ wall gap
Your base· ✓ Closed at 19:07 · 37t walls · 2 gate(s)
Pitivier's base· Open — unwalled flank
Lord Bendtner's base· Open — unwalled flank
Henkka51's base· Open — unwalled flank
Smoothed initial terrain · ◌ = detected wall gap · hover for details
Inputs per minute
— Pandinus - - Pitivier
Build order — Pandinus
First 150 of 432 actions detected
| 0:05 | Build | House |
| 0:09 | Build | House |
| 0:10 | Create | Villager (Male) |
| 0:11 | Create | Villager (Male) |
| 0:11 | Create | Villager (Male) |
| 0:11 | Create | Villager (Male) |
| 0:11 | Create | Villager (Male) |
| 0:54 | Research | Loom |
| 1:35 | Create | Villager (Male) |
| 1:59 | Build | Lumber Camp |
| 2:11 | Create | Villager (Male) |
| 2:46 | Create | Villager (Male) |
| 2:56 | Create | Villager (Male) |
| 3:25 | Create | Villager (Male) |
| 4:01 | Create | Villager (Male) |
| 4:08 | Build | House |
| 4:11 | Build | House |
| 4:30 | Create | Villager (Male) |
| 4:34 | Build | Mill |
| 4:42 | Create | Villager (Male) |
| 5:10 | Create | Villager (Male) |
| 5:50 | Create | Villager (Male) |
| 6:07 | Build | Mill |
| 6:25 | Create | Villager (Male) |
| 6:39 | Create | Villager (Male) |
| 7:10 | Create | Villager (Male) |
| 7:18 | Create | Villager (Male) |
| 7:19 | Create | Villager (Male) |
| 7:45 | Build | Mining Camp |
| 8:29 | Create | Villager (Male) |
| 9:01 | Build | House |
| 9:04 | Build | House |
| 9:07 | Research | Feudal Age |
| 9:36 | Create | Villager (Male) |
| 10:12 | Build | Barracks |
| 11:17 | Age | Feudal Age |
| 11:22 | Build | Stable |
| 11:30 | Create | Villager (Male) |
| 11:53 | Build | Palisade Wall |
| 11:57 | Build | Palisade Gate |
| 12:00 | Create | Villager (Male) |
| 12:16 | Create | Scout Cavalry |
| 12:16 | Create | Scout Cavalry |
| 12:16 | Create | Scout Cavalry |
| 12:21 | Build | House |
| 12:25 | Create | Villager (Male) |
| 12:39 | Create | Villager (Male) |
| 12:59 | Build | Palisade Wall |
| 13:02 | Create | Villager (Male) |
| 13:07 | Build | Blacksmith |
| 13:25 | Build | Farm |
| 13:57 | Build | Farm |
| 13:59 | Create | Villager (Male) |
| 14:09 | Build | Palisade Wall |
| 14:13 | Create | Villager (Male) |
| 15:00 | Build | Farm |
| 15:01 | Build | Farm |
| 15:03 | Create | Villager (Male) |
| 15:11 | Build | Palisade Wall |
| 15:22 | Build | Palisade Wall |
| 15:31 | Create | Villager (Male) |
| 15:33 | Build | Farm |
| 15:59 | Build | Farm |
| 16:08 | Build | Farm |
| 16:13 | Build | Farm |
| 16:20 | Build | Palisade Wall |
| 16:23 | Build | Palisade Gate |
| 16:27 | Research | Castle Age |
| 16:36 | Build | Mining Camp |
| 16:44 | Build | Farm |
| 17:25 | Build | Farm |
| 17:27 | Build | Farm |
| 17:30 | Research | Bloodlines |
| 18:18 | Create | Villager (Male) |
| 18:45 | Research | Double-Bit Axe |
| 18:48 | Research | Horse Collar |
| 19:07 | Age | Castle Age |
| 19:12 | Create | Knight |
| 19:33 | Create | Villager (Male) |
| 19:35 | Create | Knight |
| 19:40 | Build | Town Center |
| 19:46 | Create | Knight |
| 19:58 | Build | Palisade Wall |
| 20:01 | Create | Villager (Male) |
| 20:05 | Create | Villager (Male) |
| 20:54 | Research | Wheelbarrow |
| 20:58 | Build | House |
| 21:01 | Build | House |
| 21:17 | Research | Town Watch |
| 21:30 | Build | Town Center |
| 21:32 | Create | Villager (Male) |
| 21:50 | Create | Villager (Male) |
| 22:07 | Create | Villager (Male) |
| 22:10 | Build | Farm |
| 22:16 | Build | Monastery |
| 22:19 | Create | Villager (Male) |
| 22:32 | Build | Lumber Camp |
| 22:34 | Create | Villager (Male) |
| 22:43 | Create | Villager (Male) |
| 22:46 | Build | Farm |
| 22:51 | Build | Farm |
| 22:53 | Create | Villager (Male) |
| 23:09 | Create | Monk |
| 23:25 | Build | House |
| 24:11 | Build | House |
| 24:14 | Build | House |
| 24:17 | Create | Villager (Male) |
| 24:19 | Create | Villager (Male) |
| 24:19 | Create | Villager (Male) |
| 24:21 | Create | Villager (Male) |
| 24:21 | Create | Villager (Male) |
| 24:27 | Build | Archery Range |
| 25:05 | Create | Villager (Male) |
| 25:05 | Create | Villager (Male) |
| 25:07 | Create | Villager (Male) |
| 25:07 | Create | Villager (Male) |
| 25:09 | Create | Villager (Male) |
| 25:09 | Create | Villager (Male) |
| 25:12 | Build | Farm |
| 25:16 | Build | Farm |
| 25:17 | Build | Farm |
| 25:21 | Build | Farm |
| 25:22 | Build | Farm |
| 25:24 | Build | Farm |
| 25:25 | Build | Farm |
| 25:37 | Build | Stable |
| 25:40 | Research | Husbandry |
| 25:42 | Create | Camel Scout |
| 25:42 | Create | Camel Scout |
| 25:46 | Build | Farm |
| 25:49 | Create | Villager (Male) |
| 25:53 | Create | Villager (Male) |
| 25:56 | Build | Farm |
| 26:10 | Research | Bow Saw |
| 26:22 | Create | Camel Scout |
| 26:22 | Create | Camel Scout |
| 26:27 | Build | Archery Range |
| 26:31 | Create | Villager (Male) |
| 26:31 | Create | Villager (Male) |
| 26:41 | Create | Villager (Male) |
| 26:52 | Build | Castle |
| 26:59 | Create | Camel Scout |
| 26:59 | Create | Camel Scout |
| 27:11 | Build | Lumber Camp |
| 27:14 | Create | Villager (Male) |
| 27:15 | Create | Villager (Male) |
| 27:16 | Build | Farm |
| 27:19 | Research | Heavy Plow |
| 27:25 | Create | Villager (Male) |
| 27:28 | Build | Farm |
Build order — Pitivier
First 150 of 387 actions detected
| 0:02 | Create | Villager (Male) |
| 0:05 | Build | House |
| 0:06 | Build | House |
| 0:20 | Create | Villager (Male) |
| 0:44 | Create | Villager (Male) |
| 0:52 | Create | Villager (Male) |
| 1:29 | Create | Villager (Male) |
| 1:52 | Create | Villager (Male) |
| 2:16 | Create | Villager (Male) |
| 2:19 | Build | Mill |
| 2:40 | Create | Villager (Male) |
| 3:09 | Create | Villager (Male) |
| 3:38 | Build | House |
| 3:47 | Research | Loom |
| 4:04 | Create | Villager (Male) |
| 4:30 | Create | Villager (Male) |
| 4:44 | Create | Villager (Male) |
| 5:20 | Create | Villager (Male) |
| 5:30 | Create | Villager (Male) |
| 5:53 | Create | Villager (Male) |
| 5:58 | Build | House |
| 6:17 | Build | Lumber Camp |
| 6:33 | Create | Villager (Male) |
| 6:49 | Create | Villager (Male) |
| 7:18 | Create | Villager (Male) |
| 7:43 | Create | Villager (Male) |
| 7:57 | Build | House |
| 8:11 | Research | Feudal Age |
| 8:37 | Build | House |
| 8:53 | Build | Mining Camp |
| 9:23 | Build | House |
| 9:28 | Create | Villager (Male) |
| 9:54 | Build | Barracks |
| 10:21 | Build | Palisade Gate |
| 10:21 | Age | Feudal Age |
| 10:23 | Create | Villager (Male) |
| 10:43 | Create | Villager (Male) |
| 10:56 | Build | Blacksmith |
| 10:57 | Create | Villager (Male) |
| 11:32 | Create | Villager (Male) |
| 11:42 | Build | House |
| 11:57 | Build | Market |
| 12:03 | Create | Villager (Male) |
| 12:10 | Build | House |
| 12:19 | Create | Villager (Male) |
| 13:03 | Build | Barracks |
| 13:14 | Create | Villager (Male) |
| 13:43 | Create | Villager (Male) |
| 13:58 | Build | House |
| 14:03 | Build | House |
| 14:11 | Create | Villager (Male) |
| 14:17 | Build | Farm |
| 14:19 | Build | Farm |
| 14:25 | Build | Farm |
| 14:27 | Build | Farm |
| 14:32 | Create | Spearman |
| 14:32 | Create | Spearman |
| 14:45 | Create | Villager (Male) |
| 15:18 | Build | Farm |
| 15:35 | Create | Villager (Male) |
| 15:40 | Build | Mining Camp |
| 15:47 | Build | House |
| 16:05 | Build | Farm |
| 16:10 | Create | Villager (Male) |
| 16:21 | Create | Villager (Male) |
| 16:26 | Build | Farm |
| 16:37 | Build | House |
| 16:39 | Build | Farm |
| 16:47 | Build | Farm |
| 17:03 | Build | Farm |
| 17:05 | Create | Villager (Male) |
| 17:27 | Build | House |
| 17:43 | Create | Villager (Male) |
| 17:45 | Build | Farm |
| 17:50 | Build | House |
| 17:51 | Build | House |
| 18:08 | Research | Castle Age |
| 18:10 | Build | Farm |
| 18:14 | Build | House |
| 18:29 | Build | Stone Wall |
| 18:47 | Build | Stone Wall |
| 18:51 | Build | Gate |
| 19:01 | Research | Double-Bit Axe |
| 19:15 | Build | Stone Wall |
| 19:30 | Build | Stable |
| 19:36 | Research | Horse Collar |
| 19:39 | Research | Gold Mining |
| 20:13 | Research | Bloodlines |
| 20:28 | Build | Stone Wall |
| 20:37 | Create | Villager (Male) |
| 20:48 | Age | Castle Age |
| 20:56 | Create | Villager (Male) |
| 21:18 | Build | Stone Wall |
| 21:27 | Create | Villager (Male) |
| 21:32 | Build | Town Center |
| 21:40 | Create | Villager (Male) |
| 22:05 | Build | Farm |
| 22:12 | Create | Camel Scout |
| 22:12 | Create | Camel Scout |
| 22:21 | Build | Lumber Camp |
| 22:30 | Build | Stable |
| 22:35 | Create | Villager (Male) |
| 22:50 | Research | Scale Barding Armor |
| 23:00 | Build | Farm |
| 23:06 | Create | Camel Scout |
| 23:15 | Create | Villager (Male) |
| 23:25 | Create | Camel Scout |
| 23:31 | Create | Villager (Male) |
| 23:33 | Build | Farm |
| 23:35 | Build | Farm |
| 23:38 | Create | Villager (Male) |
| 23:41 | Create | Camel Scout |
| 23:42 | Create | Camel Scout |
| 23:59 | Build | Farm |
| 24:01 | Create | Villager (Male) |
| 24:25 | Create | Villager (Male) |
| 24:27 | Create | Villager (Male) |
| 24:29 | Build | Farm |
| 24:44 | Create | Villager (Male) |
| 24:51 | Create | Camel Scout |
| 24:51 | Create | Camel Scout |
| 24:54 | Create | Villager (Male) |
| 24:58 | Build | Farm |
| 25:11 | Create | Villager (Male) |
| 25:11 | Create | Villager (Male) |
| 25:18 | Build | Stone Wall |
| 25:27 | Build | Town Center |
| 25:29 | Create | Villager (Male) |
| 25:43 | Create | Villager (Male) |
| 25:48 | Create | Camel Scout |
| 25:48 | Create | Camel Scout |
| 25:51 | Build | Farm |
| 26:05 | Create | Villager (Male) |
| 26:07 | Create | Villager (Male) |
| 26:21 | Create | Camel Scout |
| 26:21 | Create | Camel Scout |
| 26:29 | Build | Stone Wall |
| 26:33 | Create | Villager (Male) |
| 26:40 | Build | Farm |
| 26:50 | Research | Husbandry |
| 26:58 | Create | Villager (Male) |
| 27:08 | Create | Camel Scout |
| 27:08 | Create | Camel Scout |
| 27:21 | Create | Villager (Male) |
| 27:22 | Create | Villager (Male) |
| 27:24 | Build | Farm |
| 27:25 | Create | Villager (Male) |
| 27:54 | Create | Villager (Male) |
| 27:58 | Create | Villager (Male) |
| 28:00 | Build | Farm |
Build order — Lord Bendtner
First 150 of 260 actions detected
| 0:05 | Create | Villager (Male) ×4 |
| 0:07 | Build | House |
| 1:18 | Create | Villager (Male) |
| 1:45 | Research | Loom |
| 2:11 | Create | Villager (Male) |
| 2:33 | Create | Villager (Male) |
| 3:05 | Create | Villager (Male) |
| 3:17 | Create | Villager (Male) |
| 3:48 | Create | Villager (Male) ×2 |
| 4:02 | Build | Settlement |
| 4:24 | Create | Villager (Male) ×2 |
| 5:56 | Create | Villager (Male) |
| 6:22 | Create | Villager (Male) |
| 6:22 | Create | Villager (Male) |
| 6:22 | Create | Villager (Male) |
| 6:22 | Create | Villager (Male) |
| 6:23 | Create | Villager (Male) |
| 6:23 | Create | Villager (Male) |
| 7:19 | Build | House |
| 7:21 | Build | House |
| 7:33 | Create | Villager (Male) ×3 |
| 8:28 | Build | Barracks |
| 8:59 | Build | Settlement |
| 9:50 | Research | Feudal Age |
| 12:01 | Create | Unit 2550 ×5 |
| 12:02 | Create | Unit 2550 |
| 12:17 | Age | Feudal Age |
| 12:24 | Research | Gold Mining |
| 12:32 | Research | Double-Bit Axe |
| 12:45 | Create | Villager (Male) |
| 12:54 | Create | Villager (Male) |
| 13:13 | Build | House |
| 13:20 | Build | House |
| 13:25 | Create | Villager (Male) |
| 13:55 | Create | Villager (Male) ×2 |
| 14:14 | Build | Farm |
| 14:27 | Research | Tech 1402 |
| 14:31 | Build | Farm |
| 14:45 | Build | Blacksmith |
| 14:52 | Create | Villager (Male) |
| 14:55 | Build | Farm |
| 15:17 | Create | Villager (Male) ×2 |
| 15:21 | Build | Farm |
| 15:38 | Build | Farm |
| 15:45 | Build | Farm |
| 15:48 | Create | Villager (Male) ×2 |
| 15:52 | Build | Farm |
| 15:53 | Build | Farm |
| 16:00 | Build | Farm |
| 16:02 | Build | Farm |
| 16:05 | Build | Farm |
| 16:07 | Build | Farm |
| 16:09 | Build | Farm |
| 16:20 | Build | Settlement |
| 16:25 | Build | Farm |
| 16:28 | Build | Farm |
| 16:31 | Build | Farm |
| 16:51 | Create | Villager (Male) ×4 |
| 17:22 | Research | Forging |
| 17:26 | Build | Farm |
| 17:35 | Build | Settlement |
| 17:55 | Build | Farm |
| 19:10 | Research | Wheelbarrow |
| 19:53 | Research | Horse Collar |
| 20:02 | Build | Archery Range |
| 20:03 | Build | Archery Range |
| 20:29 | Create | Unit 2550 ×5 |
| 21:22 | Research | Scale Mail Armor |
| 21:23 | Research | Fletching |
| 21:31 | Build | Barracks |
| 21:34 | Research | Castle Age |
| 21:38 | Create | Archer ×5 |
| 22:18 | Create | Archer ×5 |
| 23:00 | Build | Barracks |
| 23:05 | Build | Settlement |
| 23:51 | Create | Archer ×5 |
| 23:53 | Create | Archer ×5 |
| 24:14 | Age | Castle Age |
| 24:18 | Research | Crossbowman (upgrade) |
| 24:20 | Research | Thumb Ring |
| 24:46 | Research | Pikeman (upgrade) |
| 24:50 | Create | Spearman ×5 |
| 25:03 | Create | Villager (Male) ×5 |
| 25:09 | Research | Heavy Plow |
| 25:16 | Build | Farm |
| 25:26 | Create | Villager (Male) ×5 |
| 25:51 | Build | Farm |
| 25:53 | Build | Farm |
| 26:10 | Build | Farm |
| 26:27 | Create | Villager (Male) ×5 |
| 26:55 | Build | Settlement |
| 27:12 | Research | Bodkin Arrow |
| 27:26 | Build | Farm |
| 27:55 | Build | Farm |
| 27:58 | Build | Farm |
| 28:27 | Build | Farm |
| 28:39 | Research | Bow Saw |
| 28:47 | Create | Spearman ×3 |
| 30:21 | Create | Petard ×4 |
| 30:57 | Create | Spearman |
| 31:13 | Build | Farm |
| 31:15 | Create | Villager (Male) ×5 |
| 31:21 | Build | Farm |
| 31:37 | Research | Stone Mining |
| 31:54 | Build | Town Center |
| 32:00 | Research | Iron Casting |
| 32:14 | Create | Petard ×3 |
| 32:28 | Create | Spearman ×2 |
| 32:28 | Create | Spearman |
| 32:48 | Create | Villager (Male) ×5 |
| 33:13 | Build | Siege Workshop |
| 33:16 | Create | Villager (Male) ×5 |
| 33:33 | Create | Spearman |
| 33:33 | Create | Spearman |
| 33:33 | Create | Spearman |
| 33:43 | Create | Mangonel |
| 33:57 | Research | Squires |
| 34:07 | Build | House |
| 34:09 | Build | House |
| 34:16 | Build | Palisade Wall |
| 34:21 | Build | Palisade Wall |
| 34:59 | Create | Mangonel |
| 35:13 | Create | Petard ×5 |
| 35:14 | Create | Petard ×5 |
| 35:19 | Create | Mangonel |
| 35:23 | Create | Villager (Male) ×5 |
| 35:44 | Create | Mangonel |
| 36:03 | Build | Farm |
| 36:05 | Build | Farm |
| 36:12 | Create | Petard ×5 |
| 36:27 | Build | Farm |
| 36:38 | Create | Villager (Male) ×5 |
| 36:54 | Create | Unit 2550 ×4 |
| 37:19 | Build | Town Center |
| 37:22 | Build | Farm |
| 37:23 | Build | Farm |
| 37:30 | Create | Petard ×5 |
| 37:32 | Create | Unit 2550 ×3 |
| 37:32 | Create | Unit 2550 ×3 |
| 37:52 | Build | Farm |
| 37:53 | Build | Farm |
| 37:58 | Research | Gold Shaft Mining |
| 38:20 | Research | Tech 1351 |
| 38:35 | Build | Castle |
| 38:58 | Create | Unit 2550 ×5 |
| 38:59 | Create | Unit 2550 ×5 |
| 39:14 | Build | Castle |
| 39:41 | Build | Castle |
| 39:59 | Build | Castle |
| 40:25 | Create | Villager (Male) ×5 |
Build order — Henkka51
First 150 of 387 actions detected
| 0:02 | Build | House |
| 0:03 | Build | House |
| 0:03 | Create | Villager (Male) |
| 0:04 | Create | Villager (Male) |
| 0:04 | Create | Villager (Male) |
| 0:04 | Create | Villager (Male) |
| 0:11 | Build | House |
| 1:48 | Create | Villager (Male) |
| 1:48 | Create | Villager (Male) |
| 2:03 | Create | Villager (Male) |
| 2:20 | Build | Lumber Camp |
| 2:39 | Research | Loom |
| 2:39 | Create | Villager (Male) |
| 3:02 | Create | Villager (Male) |
| 3:32 | Create | Villager (Male) |
| 3:59 | Create | Villager (Male) |
| 4:00 | Create | Villager (Male) |
| 4:07 | Build | House |
| 4:39 | Create | Villager (Male) |
| 5:01 | Build | Mill |
| 5:18 | Create | Villager (Male) |
| 5:40 | Create | Villager (Male) |
| 5:43 | Create | Villager (Male) |
| 6:24 | Create | Villager (Male) |
| 6:48 | Create | Villager (Male) |
| 7:11 | Create | Villager (Male) |
| 7:47 | Build | Mining Camp |
| 7:50 | Create | Villager (Male) |
| 8:43 | Research | Feudal Age |
| 8:50 | Build | Mining Camp |
| 9:05 | Build | House |
| 9:07 | Build | House |
| 9:15 | Build | Barracks |
| 10:11 | Create | Villager (Male) |
| 10:11 | Create | Villager (Male) |
| 10:23 | Build | House |
| 10:53 | Age | Feudal Age |
| 11:04 | Research | Double-Bit Axe |
| 11:06 | Research | Horse Collar |
| 11:19 | Build | House |
| 11:41 | Create | Villager (Male) |
| 11:41 | Create | Villager (Male) |
| 11:52 | Build | House |
| 12:08 | Create | Villager (Male) |
| 12:10 | Build | Farm |
| 12:32 | Create | Villager (Male) |
| 12:35 | Build | Farm |
| 12:50 | Build | House |
| 12:55 | Build | Blacksmith |
| 13:14 | Create | Villager (Male) |
| 13:14 | Create | Villager (Male) |
| 13:14 | Create | Villager (Male) |
| 13:25 | Build | Farm |
| 13:50 | Build | Farm |
| 14:02 | Build | House |
| 14:11 | Create | Villager (Male) |
| 14:16 | Build | Farm |
| 14:45 | Build | Farm |
| 14:48 | Create | Villager (Male) |
| 14:48 | Create | Villager (Male) |
| 15:00 | Build | House |
| 15:02 | Build | House |
| 15:10 | Build | Farm |
| 15:13 | Create | Villager (Male) |
| 15:37 | Build | Lumber Camp |
| 15:39 | Build | Farm |
| 15:57 | Build | Farm |
| 16:02 | Build | Farm |
| 16:04 | Build | Farm |
| 16:11 | Build | Farm |
| 16:13 | Create | Villager (Male) |
| 16:14 | Create | Villager (Male) |
| 16:24 | Build | House |
| 16:33 | Create | Villager (Male) |
| 16:37 | Build | Farm |
| 16:46 | Build | Farm |
| 16:52 | Build | House |
| 17:09 | Build | House |
| 17:15 | Build | Farm |
| 17:17 | Create | Villager (Male) |
| 17:34 | Research | Man-at-Arms (upgrade) |
| 17:36 | Create | Militia |
| 17:37 | Create | Militia |
| 17:44 | Build | Barracks |
| 17:52 | Research | Forging |
| 17:53 | Research | Scale Mail Armor |
| 18:13 | Build | Farm |
| 18:16 | Create | Militia |
| 18:27 | Build | House |
| 18:31 | Build | House |
| 18:38 | Build | House |
| 18:42 | Build | House |
| 18:48 | Build | Stone Wall |
| 18:55 | Build | Stone Wall |
| 19:22 | Create | Militia |
| 19:22 | Create | Militia |
| 19:39 | Create | Militia |
| 19:39 | Create | Militia |
| 19:39 | Create | Militia |
| 19:39 | Create | Militia |
| 20:06 | Create | Militia |
| 20:06 | Create | Militia |
| 20:11 | Build | Farm |
| 20:28 | Create | Militia |
| 20:28 | Create | Militia |
| 20:57 | Build | Farm |
| 20:58 | Create | Villager (Male) |
| 20:59 | Create | Villager (Male) |
| 20:59 | Create | Villager (Male) |
| 21:08 | Build | Market |
| 21:38 | Build | House |
| 21:39 | Build | House |
| 22:09 | Research | Castle Age |
| 22:31 | Build | Stone Wall |
| 23:02 | Create | Eagle Scout |
| 23:02 | Create | Eagle Scout |
| 23:03 | Create | Eagle Scout |
| 23:03 | Create | Eagle Scout |
| 23:12 | Create | Eagle Scout |
| 23:12 | Create | Eagle Scout |
| 23:14 | Create | Spearman |
| 23:14 | Create | Spearman |
| 23:14 | Create | Spearman |
| 23:15 | Create | Spearman |
| 24:53 | Age | Castle Age |
| 25:11 | Research | Eagle Warrior (upgrade) |
| 25:15 | Create | Eagle Scout |
| 25:17 | Research | Squires |
| 25:20 | Research | Iron Casting |
| 25:50 | Build | Town Center |
| 25:51 | Create | Villager (Male) |
| 25:52 | Create | Villager (Male) |
| 25:52 | Create | Villager (Male) |
| 25:52 | Create | Villager (Male) |
| 25:56 | Build | Farm |
| 26:26 | Create | Eagle Scout |
| 26:26 | Create | Eagle Scout |
| 26:39 | Build | Mining Camp |
| 26:55 | Create | Villager (Male) |
| 27:32 | Create | Eagle Scout |
| 27:32 | Create | Eagle Scout |
| 27:32 | Create | Eagle Scout |
| 27:32 | Create | Eagle Scout |
| 27:32 | Create | Eagle Scout |
| 27:33 | Create | Eagle Scout |
| 27:50 | Build | Farm |
| 27:51 | Create | Villager (Male) |
| 28:49 | Create | Eagle Scout |
| 28:49 | Create | Eagle Scout |
| 30:18 | Build | Farm |
Match timeline
| 8:28 | Lord Bendtner · first_building Barracks |
| 9:15 | Henkka51 · first_building Barracks |
| 9:54 | Pitivier · first_building Barracks |
| 10:12 | Pandinus · first_building Barracks |
| 10:21 | Pitivier · age_up feudal |
| 10:53 | Henkka51 · age_up feudal |
| 11:17 | Pandinus · age_up feudal |
| 11:22 | Pandinus · first_building Stable |
| 11:53 | Pandinus · wall_segment Palisade Wall x8 |
| 12:17 | Lord Bendtner · age_up feudal |
| 12:59 | Pandinus · wall_segment Palisade Wall x7 |
| 14:09 | Pandinus · wall_segment Palisade Wall x4 |
| 15:11 | Pandinus · wall_segment Palisade Wall x6 |
| 15:22 | Pandinus · wall_segment Palisade Wall x4 |
| 16:20 | Pandinus · wall_segment Palisade Wall x8 |
| 18:29 | Pitivier · wall_segment Stone Wall x1 |
| 18:47 | Pitivier · wall_segment Stone Wall x4 |
| 18:48 | Henkka51 · wall_segment Stone Wall x1 |
| 18:55 | Henkka51 · wall_segment Stone Wall x1 |
| 19:07 | Pandinus · age_up castle |
| 19:15 | Pitivier · wall_segment Stone Wall x2 |
| 19:30 | Pitivier · first_building Stable |
| 19:58 | Pandinus · wall_segment Palisade Wall x3 |
| 20:02 | Lord Bendtner · first_building Archery Range |
| 20:28 | Pitivier · wall_segment Stone Wall x5 |
| 20:48 | Pitivier · age_up castle |
| 21:18 | Pitivier · wall_segment Stone Wall x11 |
| 22:16 | Pandinus · first_building Monastery |
| 22:31 | Henkka51 · wall_segment Stone Wall x10 |
| 24:14 | Lord Bendtner · age_up castle |
| 24:27 | Pandinus · first_building Archery Range |
| 24:53 | Henkka51 · age_up castle |
| 25:18 | Pitivier · wall_segment Stone Wall x6 |
| 26:29 | Pitivier · wall_segment Stone Wall x3 |
| 26:52 | Pandinus · first_building Castle |
| 27:30 | Henkka51 · first_market_sell 100 wood |
| 29:23 | Pitivier · first_building Castle |
| 32:00 | Pitivier · first_building Monastery |
| 32:56 | Henkka51 · first_building Monastery |
| 33:13 | Lord Bendtner · first_building Siege Workshop |
| 34:16 | Lord Bendtner · wall_segment Palisade Wall x11 |
| 34:19 | Pandinus · age_up imperial |
| 34:21 | Lord Bendtner · wall_segment Palisade Wall x12 |
| 38:08 | Henkka51 · first_building Castle |
| 38:18 | Pandinus · first_building Siege Workshop |
| 38:35 | Lord Bendtner · first_building Castle |
| 39:10 | Pitivier · age_up imperial |
| 41:24 | Lord Bendtner · wall_segment Palisade Wall x17 |
| 41:29 | Lord Bendtner · wall_segment Palisade Wall x6 |
| 41:31 | Lord Bendtner · wall_segment Palisade Wall x5 |
| 41:42 | Lord Bendtner · wall_segment Palisade Wall x17 |
| 41:48 | Lord Bendtner · wall_segment Palisade Wall x20 |
| 43:10 | Pitivier · first_market_sell 100 wood |
| 43:44 | Henkka51 · first_building Archery Range |
| 45:14 | Henkka51 · age_up imperial |
| 45:42 | Lord Bendtner · age_up imperial |
| 48:27 | Henkka51 · wall_segment Stone Wall x9 |
| 48:47 | Pitivier · wall_segment Stone Wall x8 |
| 49:13 | Pitivier · wall_segment Stone Wall x5 |
| 51:02 | Pandinus · resign |
| 54:11 | Henkka51 · wall_segment Stone Wall x12 |
| 54:51 | Pitivier · wall_segment Stone Wall x3 |
[ AI ANALYSIS · 1 CREDIT ]
What really happened in this match?
Wolo.gg analyzes every decision: build order, eco, micro, common mistakes by bracket. Personalized analysis on WhatsApp or Discord in 30 seconds.
Civ guide
Berbers
Map guide
MegaRandom
Perfil
Pandinus